 Dungeon Crawl Stone Soup version 0.20-a0-1006-ge6c5631 (webtiles) character file.

3 M4edhros the Grave Robber (level 1, 0/11 HPs)
             Began as an Octopode Necromancer on Apr 14, 2017.
             Was a Believer of Uskayaw.
             Slain by a worm (1 damage)
             ... on level 2 of the Dungeon.
             The game lasted 00:01:20 (125 turns).

M4edhros the Grave Robber (Octopode Necromancer)     Turns: 125, Time: 00:01:20

Health: 0/11       AC:  1    Str: 11    XL:     1   Next: 50%
Magic:  0/3        EV: 13    Int: 17    God:    Uskayaw [**....]
Gold:   14         SH:  0    Dex: 12    Spells: 3/4 levels left

rFire    . . .     SeeInvis .   g - +1 long sword (slice)
rCold    . . .     Gourm    .   (no shield)
rNeg     . . .     Faith    .   (helmet restricted)
rPois    .         Spirit   .   (no amulet)
rElec    .         Reflect  .   c - +4 ring of strength
rCorr    .         Harm     .   (no ring)
MR       .....                  (no ring)
Stlth    +++.......             (no ring)
Regen    0.1/turn               (no ring)
MPRegen  0.1/turn               (no ring)
                                (no ring)
                                (no ring)

@: no status effects
A: almost no armour, stealthy swim, amphibious, 8 rings, constrict 8, camouflage
1, gelatinous body 1
a: Stomp, Line Pass, Renounce Religion


You were on level 2 of the Dungeon.
You worshipped Uskayaw.
Uskayaw was noncommittal.
You were not hungry.

You visited 1 branch of the dungeon, and saw 2 of its levels.

You collected 14 gold pieces.

Inventory:

Hand Weapons
 g - a +1 long sword of slicing (weapon)
Jewellery
 c - a +4 ring of strength (left tentacle)
Scrolls
 d - a scroll of teleportation {unknown}
 e - a scroll of amnesia {unknown}
 f - a scroll of magic mapping {unknown}
Books
 a - a book of Necromancy

   Spells                             Type                      Level
   a - Pain                           Necromancy                   1
   b - Animate Skeleton               Necromancy                   1
   c - Vampiric Draining              Necromancy                   3
   d - Regeneration                   Charms/Necromancy            3
   e - Animate Dead                   Necromancy                   4
   f - Control Undead                 Necromancy                   4
Comestibles
 b - a bread ration
 h - a royal jelly


   Skills:
 - Level 2.0 Dodging
 - Level 2.6 Stealth
 + Level 1.0 Unarmed Combat
 - Level 2.0 Spellcasting
 - Level 4.0 Necromancy


You had 3 spell levels left.
You knew the following spells:

 Your Spells              Type           Power        Failure   Level  Hunger
a - Pain                  Necr           ###.         3%          1    #......


Dungeon Overview and Level Annotations

Branches:
Dungeon (2/15)

Altars:
Uskayaw


Innate Abilities, Weirdness & Mutations

You cannot wear most types of armour.
You are very stealthy in the water. (Stealth+)
You are amphibious.
You can wear up to eight rings at the same time.
You can use your tentacles to constrict eight enemies at once.
Your skin changes colour to match your surroundings (Stealth+).
Your rubbery body absorbs attacks. (AC +1, EV +1)


Message History

Press: ? - help, Shift-Dir - straight line, f - worm
Aim: a worm (resting, chance to defeat MR: 80%)
The worm writhes in agony!
Casting: Pain
Confirm with . or Enter, or press ? or * to list all spells.
Aiming: Pain
Press: ? - help, Shift-Dir - straight line, f/p - worm
Aim: a worm (lightly wounded, chance to defeat MR: 80%)
The worm writhes in agony!
You can now pass through a line of other dancers.
Casting: Pain
Confirm with . or Enter, or press ? or * to list all spells.
Aiming: Pain
Press: ? - help, Shift-Dir - straight line, f/p - worm
Aim: a worm (heavily wounded, chance to defeat MR: 80%)
The worm writhes in agony!
You barely miss the worm. Your grab misses the worm.
The worm is almost dead.
The worm bites you.
You die...

....# #........# ....#
#.(......# .....
....###........# .....
#'#............# ......
#.####.........# .....#
#....##........###....#
#....#####...###.....#
#..............#....#
###########.#...@w.#
........#........
....[...#....###.
##..#....##......
....#....# ....$..
.........# .......
####...# ....... +...#
.......


You could see a worm.

Vanquished Creatures
  2 hobgoblins
  A kobold (D:2)
3 creatures vanquished.

Notes
Turn   | Place    | Note
-------+----------+-------------------------------------------
     0 | D:1      | M4edhros the Octopode Necromancer began the quest for the Orb.
     0 | D:1      | Reached XP level 1. HP: 11/11 MP: 3/3
    23 | D:2      | Found a faded altar of an unknown god.
    44 | D:2      | Reached skill level 1 in Unarmed Combat
    55 | D:2      | Became a worshipper of Uskayaw the Reveler
    55 | D:2      | Reached * piety under Uskayaw
   123 | D:2      | Reached ** piety under Uskayaw
   125 | D:2      | Slain by a worm

Vault maps used:
D:1:      saegor_arrival_simple_d
D:2:      wad_pebble_path, ashenzari_altar_1,
          chequers_ecumenical_altar_simple_redux, tso_metal_star, uniq_natasha

Skill      XL: |  1 |
---------------+----+-----
Unarmed Combat | 1 |  1.0
Dodging        | |  2.0
Stealth        | |  2.6
Spellcasting   | |  2.0
Necromancy     | |  4.0

Action                   || total
-------------------------++-------
Melee: Unarmed           ||     6
       Long sword        ||     1
       Constrict         ||     1
       Tentacles         ||     1
 Cast: Pain              ||     7
 Stab: Sleeping          ||     1
Dodge: Dodged            ||     2
